 Dungeon Crawl Stone Soup version 0.18-a0-1574-g3f9d221 (webtiles) character file.

13010 Gottschkopf the Transmogrifier (level 11, -16/77 HPs)
             Began as a Black Draconian Transmuter on Mar 16, 2016.
             Was the Champion of Sif Muna.
             Demolished by a white ugly thing (29 damage)
             ... on level 11 of the Dungeon.
             The game lasted 00:50:26 (9947 turns).

Gottschkopf the Transmogrifier (DrTm)               Turns: 9947, Time: 00:50:26

Health: -16/77     AC: 15    Str: 13    XL:     11   Next: 70%
Magic:  19/24      EV: 17    Int: 16    God:    Sif Muna [******]
Gold:   520        SH:  0    Dex: 12    Spells: 5 memorised, 13 levels left

rFire  . . .     SeeInvis .       - Unarmed
rCold  . . .     Gourm    .     (armour unavailable)
rNeg   . . .     Faith    .     (shield currently unavailable)
rPois  .         Spirit   .     (helmet restricted)
rElec  +         Dismiss  .     L - +2 cloak
rCorr  .         Reflect  .     (gloves currently unavailable)
SustAt .         Harm     .     t - +2 pair of boots
MR     .....                    j - amulet of regeneration
Stlth  +.........               d - +2 ring of protection
                                O - +5 ring of evasion

@: blade hands, slowed, very slow, not resistant to hostile enchantments, very
unstealthy
A: breathe lightning, unfitting armour, mutation resistance 1, regeneration 1,
electricity resistance, cold-blooded, AC +7
a: Breathe Lightning, End Transformation, Channel Energy, Forget Spell, Renounce
Religion


You were on level 11 of the Dungeon.
You worshipped Sif Muna.
Sif Muna was exalted by your worship.
You were not hungry.
You had blades for hands.
You visited 2 branches of the dungeon, and saw 12 of its levels.

You collected 608 gold pieces.
You spent 88 gold pieces at shops.

Inventory:

Hand Weapons
 a - the +9 spear of Axzatukh {speed, Dex+3}
   (You found it on level 5 of the Dungeon)

   Attacks with this weapon are significantly faster.
   It affects your dexterity (+3).
Missiles
 A - 227 arrows (quivered)
 M - 4 arrows of flame
Armour
 p - a +0 pair of gloves (melded)
 t - a +2 pair of boots (worn)
 L - a +2 cloak (worn)
Jewellery
 d - a +2 ring of protection (right scythe-like blade)
 j - an amulet of regeneration (around neck)
 q - an uncursed ring of fire
 J - an uncursed ring of protection from magic
 N - an uncursed amulet of magic regeneration
 O - a +5 ring of evasion (left scythe-like blade)
 S - an uncursed ring of protection from fire
Wands
 l - a wand of iceblast (12/15)
 o - a wand of digging (6/24)
 y - a wand of polymorph (11/24)
 C - a wand of random effects (31/48)
 H - a wand of polymorph (3/24)
 R - a wand of digging (5/24)
Scrolls
 e - 7 scrolls of remove curse
 h - 4 scrolls of enchant weapon
 i - 6 scrolls of teleportation
 r - a scroll of identify
 D - 4 scrolls of fear
 Q - a scroll of fog
Potions
 m - 2 potions of lignification
 n - a potion of agility
 w - a potion of haste
 x - 3 potions of curing
 B - 3 potions of heal wounds
 E - 3 potions of brilliance
 G - a potion of flight
 I - a potion of mutation
 K - a potion of ambrosia
 T - a potion of magic
Books
 b - a book of Changes

   Spells                             Type                      Level
   a - Beastly Appendage              Transmutation                1
   b - Sticks to Snakes               Transmutation                2
   c - Spider Form                    Transmutation/Poison         3
   d - Ice Form                       Ice/Transmutation            4
   e - Blade Hands                    Transmutation                5
 g - a book of Party Tricks

   Spells                             Type                      Level
   a - Summon Butterflies             Summoning                    1
   b - Apportation                    Translocation                1
   c - Tukima's Dance                 Hexes                        3
   d - Alistair's Intoxication        Transmutation/Poison         5
   e - Invisibility                   Hexes                        6
 z - a book of the Dragon

   Spells                             Type                      Level
   a - Flame Tongue                   Conjuration/Fire             1
   b - Cause Fear                     Hexes                        4
   c - Bolt of Fire                   Conjuration/Fire             6
   d - Dragon Form                    Transmutation                7
   e - Dragon's Call                  Summoning                    9
 F - a book of Burglary

   Spells                             Type                      Level
   a - Swiftness                      Charms/Air                   2
   b - Passwall                       Transmutation/Earth          2
   c - Passage of Golubria            Translocation                4
   d - Lee's Rapid Deconstruction     Earth                        5
   e - Darkness                       Hexes                        6
   f - Invisibility                   Hexes                        6
 U - a book of Frost

   Spells                             Type                      Level
   a - Freeze                         Ice                          1
   b - Throw Frost                    Conjuration/Ice              2
   c - Ozocubu's Armour               Charms/Ice                   3
   d - Throw Icicle                   Conjuration/Ice              4
   e - Summon Ice Beast               Ice/Summoning                4
 V - a Young Poisoner's Handbook

   Spells                             Type                      Level
   a - Sting                          Conjuration/Poison           1
   b - Cure Poison                    Poison                       2
   c - Mephitic Cloud                 Conjuration/Poison/Air       3
   d - Olgreb's Toxic Radiance        Poison                       4
   e - Venom Bolt                     Conjuration/Poison           5
Comestibles
 c - 6 bread rations
 f - 5 beef jerkies
 k - 6 chunks of flesh
 s - 8 slices of pizza
 u - a royal jelly
 v - 3 meat rations
 P - 3 fruits


   Skills:
 - Level 1.1 Fighting
 - Level 1.7 Dodging
 - Level 10.7 Unarmed Combat
 + Level 9.3 Spellcasting
 * Level 12.0 Transmutations
 - Level 2.0 Ice Magic
 - Level 2.2 Poison Magic


You had 13 spell levels left.
You knew the following spells:

 Your Spells              Type           Power        Failure   Level  Hunger
a - Ice Form              Ice/Trmt       ####....     41%         4    ###....
b - Sticks to Snakes      Trmt           #####...     8%          2    None
c - Spider Form           Trmt/Pois      ####......   21%         3    #......
d - Blade Hands           Trmt           #####.....   21%         5    #####..
e - Beastly Appendage     Trmt           #####.       8%          1    None


Dungeon Overview and Level Annotations

Branches:
Dungeon (11/15)            Temple (1/1) D:4            Lair (0/8) D:9
    Orc (0/2) D:9

Altars:
Ashenzari
Cheibriados
Dithmenos
Elyvilon
Fedhas
Gozag
Kikubaaqudgha
Makhleb
Nemelex Xobeh
Okawaru
Pakellas
Qazlal
Ru
Sif Muna
Trog
Vehumet
Xom
Yredelemnul
Zin
The Shining One

Shops:
D:9 !   D:10 !

Annotations:
D:4 1 runed door


Innate Abilities, Weirdness & Mutations

You can breathe wild blasts of lightning.
Your glossy black scales are hard (AC +7).
Your body does not fit into most forms of armour.
You are resistant to electric shocks.
You are cold-blooded and may be slowed by cold attacks.
You are somewhat resistant to further mutation.
Your natural rate of healing is unusually fast.


Message History

You feel as though you will be slow longer.
* * * LOW HITPOINT WARNING * * *
You hit the white ugly thing.
The white ugly thing is moderately wounded.
The white ugly thing gores you but does no damage.
You slash the white ugly thing! You tail-slap the white ugly thing.
The white ugly thing is severely wounded.
The white ugly thing gores you but does no damage.
You hit the white ugly thing but do no damage.
You tail-slap the white ugly thing.
The white ugly thing is severely wounded.
The white ugly thing misses you.
The white ugly thing completely misses you.
You slice the white ugly thing!!
The white ugly thing is almost dead.
You feel yourself speed up. The white ugly thing gores you.
* * * LOW HITPOINT WARNING * * *
The white ugly thing freezes you!!
You feel yourself slow down.
You die...

#.....).# ########## #....
#....)..# #........# #....
#.......# #........# ###....
#.......####........####.'....
#..........'........+...[#....
#.......####..[.....######....
###.##### #........# ##'.. ##..#
#........# #... #..## ##@#######
#... ####'###### ##)u.#######
#... #.........# #..........#
#... #.........#
#..........#####... #.........#
#..........'..##...
#.........#####...(..............
#.........'...'..........##.)...)
#.........#####..........######..
#.........# #...<......# #<.


You could see a white ugly thing.

Vanquished Creatures
  A hill giant (D:10)
  Pikel (D:7)
  2 ugly things (D:11)
  A manticore (D:8)
  Maurice (D:11)
  Joseph (D:9)
  A centaur zombie (D:9)
  A gargoyle (D:11)
  4 trolls
  A two-headed ogre (D:8)
  3 wyverns
  6 yaks
  A hungry ghost (D:8)
  2 hippogriffs
  A human (D:10)
  A hog (D:10)
  A steam dragon (D:8)
  2 water moccasins
  7 orc warriors
  4 sky beasts
  3 necrophages
  11 ogres
  A black bear (D:8)
  5 centaurs
  A crocodile (D:9)
  7 big kobolds
  2 gnoll sergeants (D:9)
  6 giant frogs
  6 scorpions
  7 killer bees
  3 wights
  5 crimson imps
  4 jellies
  A giant frog zombie (D:5)
  9 hounds
  4 orc priests
  Crazy Yiuf (D:7)
  A centaur skeleton (D:8)
  3 giant frog skeletons
  An iguana (D:11)
  12 worker ants
  8 orc wizards
  A killer bee zombie (D:5)
  2 sheep (D:10)
  A hound zombie (D:7)
  2 hound skeletons
  2 worker ant zombies (D:10)
  3 gnolls
  A river rat (D:9)
  6 adders
  A shadow imp (D:10)
  An ooze (D:2)
  An adder zombie (D:8)
  2 adder skeletons
  3 worms
  2 dart slugs
  5 giant geckos
  28 orcs
  3 ball pythons
  13 bats
  6 giant cockroaches
  5 goblins
  7 hobgoblins
  8 jackals
  5 quokkas
  4 giant newts
  17 kobolds
  A quokka zombie (D:6)
  14 rats
287 creatures vanquished.

Notes
Turn   | Place    | Note
--------------------------------------------------------------
     0 | D:1      | Gottschkopf the Draconian Transmuter began the quest for the Orb.
     0 | D:1      | Reached XP level 1. HP: 16/16 MP: 3/3
   307 | D:1      | Reached XP level 2. HP: 18/23 MP: 1/5
   311 | D:1      | Learned a level 2 spell: Sticks to Snakes
   952 | D:2      | Found a burning altar of Makhleb.
  1048 | D:2      | Reached XP level 3. HP: 26/28 MP: 4/6
  1061 | D:2      | Learned a level 3 spell: Spider Form
  1197 | D:2      | Found a basalt altar of Yredelemnul.
  1265 | D:2      | Reached skill level 1 in Poison Magic
  1769 | D:3      | Reached XP level 4. HP: 35/35 MP: 5/7
  1918 | D:3      | Reached skill level 3 in Transmutations
  2146 | D:5      | Entered Level 5 of the Dungeon
  2355 | D:4      | Found a staircase to the Ecumenical Temple.
  2361 | Temple   | Entered the Ecumenical Temple
  2611 | D:4      | Reached XP level 5. HP: 36/40 MP: 3/8
  2644 | D:4      | Noticed an ogre
  2653 | D:4      | Killed an ogre
  2653 | D:4      | Reached skill level 4 in Transmutations
  2781 | D:4      | Reached XP level 6. HP: 41/47 MP: 7/9
  2855 | D:4      | Reached skill level 5 in Transmutations
  2866 | D:4      | Found a glowing golden altar of the Shining One.
  2866 | D:4      | Noticed an angel
  2867 | D:4      | Found a runed door.
  2895 | D:4      | Reached skill level 5 in Unarmed Combat
  3080 | D:4      | Your scales start taking on a glossy black colour.
  3080 | D:4      | Reached XP level 7. HP: 52/52 MP: 6/10
  3080 | D:4      | Gained mutation: You are resistant to electric shocks. [Black Draconian growth]
  3281 | D:5      | Found a shadowy altar of Dithmenos.
  3334 | D:5      | Got an ancient spear
  3806 | D:5      | Reached XP level 8. HP: 56/59 MP: 9/11
  4220 | D:5      | Found a shimmering altar of Xom.
  4224 | D:5      | Found a shattered altar of Ashenzari.
  4227 | D:5      | Found a sacrificial altar of Ru.
  4504 | D:6      | Found a deep blue altar of Sif Muna.
  4563 | D:6      | Became a worshipper of Sif Muna the Loreminder
  5615 | D:7      | Noticed Pikel
  5630 | D:7      | Killed Pikel
  5630 | D:7      | Reached skill level 10 in Unarmed Combat
  5630 | D:7      | Reached XP level 9. HP: 26/64 MP: 9/12
  5674 | D:7      | Noticed Crazy Yiuf
  5685 | D:7      | Killed Crazy Yiuf
  5876 | D:8      | Reached skill level 6 in Transmutations
  5986 | D:8      | Reached * piety under Sif Muna
  5986 | D:8      | Reached skill level 7 in Transmutations
  6108 | D:8      | Gained mutation: You are somewhat resistant to further mutation. [mutagenic meat]
  6110 | D:8      | Gained mutation: Your natural rate of healing is unusually fast. [mutagenic meat]
  6198 | D:8      | Reached skill level 8 in Transmutations
  6208 | D:8      | Learned a level 5 spell: Blade Hands
  6390 | D:8      | Reached ** piety under Sif Muna
  6390 | D:8      | Reached skill level 9 in Transmutations
  6593 | D:8      | Found an oddly glowing altar of Pakellas.
  6844 | D:8      | Reached skill level 10 in Transmutations
  6844 | D:8      | Reached XP level 10. HP: 71/71 MP: 2/13
  7131 | D:8      | Noticed a manticore
  7139 | D:8      | Killed a manticore
  7145 | D:8      | Reached *** piety under Sif Muna
  7450 | D:9      | Found a staircase to the Lair.
  7530 | D:9      | Reached skill level 5 in Spellcasting
  7549 | D:9      | Found Xiocigav's Distillery.
  7598 | D:9      | Reached **** piety under Sif Muna
  7620 | D:9      | Bought a potion of curing for 33 gold pieces
  7620 | D:9      | Bought a potion of heal wounds for 55 gold pieces
  7748 | D:9      | Found a shadowy altar of Dithmenos.
  7896 | D:9      | Found a staircase to the Orcish Mines.
  7974 | D:9      | Noticed Joseph
  7995 | D:9      | Killed Joseph
  8090 | D:9      | Reached ***** piety under Sif Muna
  8106 | D:8      | Reached XP level 11. HP: 27/77 MP: 17/23
  8269 | D:10     | Entered Level 10 of the Dungeon
  8312 | D:10     | Identified the +9 spear of Axzatukh {speed, Dex+3} (You found it on level 5 of the Dungeon)
  8369 | D:10     | Found Maseajaet's Distillery.
  8425 | D:10     | Learned a level 4 spell: Ice Form
  8534 | D:10     | Reached skill level 1 in Ice Magic
  8785 | D:10     | Noticed a hill giant
  8795 | D:10     | Killed a hill giant
  9110 | D:11     | Reached skill level 11 in Transmutations
  9120 | D:11     | Noticed Maurice
  9122 | D:11     | Noticed a white ugly thing
  9158 | D:11     | Killed a white ugly thing
  9171 | D:11     | Killed Maurice
  9470 | D:11     | Learned a level 1 spell: Beastly Appendage
  9574 | D:11     | Reached ****** piety under Sif Muna
  9649 | D:11     | Received a gift from Sif Muna
  9721 | D:11     | Found a white marble altar of Elyvilon.
  9758 | D:11     | Identified a scroll of acquirement
  9887 | D:11     | Noticed a white ugly thing
  9896 | D:11     | Killed a white ugly thing
  9916 | D:11     | Reached skill level 12 in Transmutations
  9936 | D:11     | Noticed a white ugly thing
  9947 | D:11     | Demolished by a white ugly thing

Vault maps used:
D:1:      erik_arrival_blinker_ship, hex_medium
D:2:      lemuel_crystal_altar, old_standard_altar
D:4:      minmay_temple_entry_fiery, lemuel_angel_altar
D:5:      minmay_overflow_temple_star_quad, nicolae_dithmenos_shadow_blocks,
          first_bread
D:6:      led_sif_pool
D:7:      st_stairs_14, uniq_crazy_yiuf_cottage, uniq_pikel
D:8:      minmay_quarter_circles, overflow_temple_1_default
D:9:      due_lair_maze_entry_diamond, kennysheep_orc_monster_closet_entryway,
          serial_shops, nicolae_shop_stone, basic_altar, uniq_joseph
D:10:     serial_shops, nicolae_shop_stone, grunt_livestock
D:11:     elyvilon_altar_5, uniq_maurice
Temple:   chambers_temple_12

Skill      XL: |  1  2  3  4  5  6  7  8  9 10 11 |
---------------+----------------------------------+-----
Unarmed Combat | 4 6 8 10 | 10.7
Poison Magic   | 1 2 |  2.2
Transmutations | 3 4 5 10 12 | 12.0
Spellcasting   | 8 9 |  9.3
Ice Magic      | 2 |  2.0
Fighting       | |  1.1
Dodging        | |  1.7

Action                   |  1- 3 |  4- 6 |  7- 9 | 10-12 || total
-------------------------+-------+-------+-------+-------++-------
Melee: Unarmed           |   160 |   143 |   309 |   440 ||  1052
 Cast: Beastly Appendage |    22 |     8 |    26 |     1 ||    57
       Spider Form       |       |     7 |    12 |     1 ||    20
       Blade Hands       |       |       |     8 |    45 ||    53
 Abil: Breathe Lightning |       |       |     1 |       ||     1
  Use: Scroll            |       |       |    13 |    11 ||    24
       Potion            |       |       |       |     1 ||     1
 Stab: Sleeping          |     1 |       |       |     2 ||     3
  Eat: Chunk             |     3 |     6 |    16 |    21 ||    46
       Bread ration      |       |       |     1 |     1 ||     2
